 Dungeon Crawl Stone Soup version 0.20.0-8-g6b59dc7 (webtiles) character file.

125 greprep the Sneak (level 4, -3/21 HPs)
             Began as a Spriggan Enchanter on June 2, 2017.
             Killed by nerve-wracking pain
             ... invoked by an orc priest
              (12 damage)
             ... on level 3 of the Dungeon.
             The game lasted 00:06:00 (2802 turns).

greprep the Sneak (Spriggan Enchanter)              Turns: 2802, Time: 00:06:01

Health: -3/21      AC:  2    Str:  4    XL:     4   Next: 82%
Magic:  0/9        EV: 19    Int: 16    God:
Gold:   70         SH:  0    Dex: 17    Spells: 3/9 levels left

rFire    . . .     SeeInvis +   a - +1 dagger
rCold    . . .     Gourm    .   (shield restricted)
rNeg     . . .     Faith    .   b - +0 robe
rPois    .         Spirit   .   (helmet restricted)
rElec    .         Reflect  .   (no cloak)
rCorr    .         Harm     .   (gloves unavailable)
MR       .....                  (boots unavailable)
Stlth    +++.......             (no amulet)
Regen    0.1/turn               (no ring)
MPRegen  0.2/turn               (no ring)

@: very slightly contaminated, very quick
A: unfitting armour, see invisible, herbivore 3, speed 3, slow metabolism 2
a: no special abilities


You were on level 3 of the Dungeon.
You were near starving.

You visited 1 branch of the dungeon, and saw 3 of its levels.

You collected 70 gold pieces.

Inventory:

Hand Weapons
 a - a +1 dagger (weapon)
Armour
 b - a +0 robe (worn)
Scrolls
 i - 4 scrolls of identify {unknown}
 k - 2 scrolls of enchant armour {unknown}
 l - a scroll of fear {unknown}
Potions
 e - a potion of invisibility {unknown}
 f - a potion of brilliance {unknown}
 h - a potion of curing {unknown}
 j - a potion of might {unknown}
Books
 c - a book of Maledictions

   Spells                             Type                      Level
   a - Corona                         Hexes                        1
   b - Ensorcelled Hibernation        Hexes/Ice                    2
   c - Confuse                        Hexes                        3
   d - Tukima's Dance                 Hexes                        3
   e - Dazzling Spray                 Conjuration/Hexes            3
Comestibles
 d - 3 bread rations
 g - a fruit
 m - a royal jelly


   Skills:
 + Level 0.5 Fighting
 * Level 2.2 Short Blades
 * Level 4.1 Dodging
 * Level 6.1 Stealth
 + Level 3.0 Spellcasting
 + Level 4.2 Hexes
 + Level 0.2 Ice Magic


You had 3 spell levels left.
You knew the following spells:

 Your Spells              Type           Power        Failure   Level  Hunger
a - Corona                Hex            ###....      3%          1    #......
b - Ensorcelled Hibernat  Hex/Ice        #.....       11%         2    ##.....
c - Confuse               Hex            ###.....     10%         3    ###....


Dungeon Overview and Level Annotations

Branches:
Dungeon (3/15)

Altars:
Fedhas
Nemelex Xobeh


Innate Abilities, Weirdness & Mutations

You are very small and have problems with some larger weapons.
You are too small for most types of armour.
You have supernaturally acute eyesight. (SInv)
You are a herbivore.
You cover ground extremely quickly.
You need consume almost no food.


Message History

The orc priest hits you.
Casting: Ensorcelled Hibernation
Confirm with . or Enter, or press ? or * to list all spells.
Aiming: Ensorcelled Hibernation
Press: ? - help, Shift-Dir - straight line, f/p - orc priest
Aim: an orc priest (chance to defeat MR: 40%)
You miscast Ensorcelled Hibernation.
Multicoloured lights dance before your eyes!
The orc priest hits you.
Casting: Ensorcelled Hibernation
Confirm with . or Enter, or press ? or * to list all spells.
Aiming: Ensorcelled Hibernation
Press: ? - help, Shift-Dir - straight line, f/p - orc priest
Aim: an orc priest (chance to defeat MR: 40%)
The orc priest resists with some effort.
You are near starving!
The orc priest calls down the wrath of Beogh upon you.
Pain shoots through your body!
Ouch! That really hurt!
You die...

####.##...
#.......##
#.##.##.#.
#.#...#...
#.........
#.#....#..
#.##.....#
###########.....#...
#.o@.........##.[†#.
#)##########.#......
#.### #.......#
#...# #.#.[.#.#
#...### #.##.##..
#...≈≈# #.......#
##o..≈≈# .#.##.##
##≈♣.[≈♣♣ # .. #.
#≈≈.≈.P≈♣♣# ## ##


You could see an orc priest.

Vanquished Creatures
  An iguana (D:3)
  5 adders
  An ooze (D:2)
  A worm (D:2)
  A dart slug (D:1)
  4 leopard geckos
  An orc (D:3)
  A ball python (D:1)
  4 bats
  2 giant cockroaches
  3 goblins
  3 hobgoblins
  3 frilled lizards
  4 kobolds
  8 rats
42 creatures vanquished.

Notes
Turn   | Place    | Note
-------+----------+-------------------------------------------
     0 | D:1      | greprep the Spriggan Enchanter began the quest for the Orb.
     0 | D:1      | Reached XP level 1. HP: 9/9 MP: 5/5
   379 | D:1      | Reached XP level 2. HP: 11/13 MP: 6/6
   383 | D:1      | Learned a level 2 spell: Ensorcelled Hibernation
  1428 | D:2      | Reached skill level 5 in Stealth
  1575 | D:2      | Reached XP level 3. HP: 16/16 MP: 8/8
  2211 | D:2      | Learned a level 3 spell: Confuse
  2324 | D:2      | Reached XP level 4. HP: 18/21 MP: 9/9
  2425 | D:3      | Found a blossoming altar of Fedhas.
  2452 | D:3      | Found a sparkling altar of Nemelex Xobeh.
  2555 | D:3      | Reached skill level 6 in Stealth
  2802 | D:3      | Killed from afar by an orc priest

Skill      XL: |  1  2  3  4 |
---------------+-------------+-----
Stealth        | 5 6 |  6.1
Short Blades   | 2 |  2.2
Hexes          | 4 |  4.2
Dodging        | 4 |  4.1
Spellcasting   | 3 |  3.0
Fighting       | |  0.5
Ice Magic      | |  0.2

Action                   |  1- 3 |  4- 6 || total
-------------------------+-------+-------++-------
Melee: Dagger            |   142 |    33 ||   175
 Cast: Ensorcelled Hiber |    16 |     7 ||    23
  Use: Scroll            |     2 |       ||     2
 Stab: Sleeping          |    13 |     6 ||    19
       Distracted        |     1 |       ||     1
Armor: Robe              |     8 |     4 ||    12
Dodge: Dodged            |   118 |    24 ||   142
